 Dungeon Crawl Stone Soup version 0.31-a0-339-gda1cbd555d (webtiles) character file.

Game seed: 3392472583083386081

36921 Shard1697 the Carver (level 13, -2/114 HPs)
             Began as a White Draconian Air Elementalist on July 21, 2023.
             Was an Elder of Sif Muna.
             Killed from afar by a fire dragon (32 damage)
             ... with a blast of flame
             ... on level 5 of the Lair of Beasts.
             The game lasted 00:46:37 (25170 turns).

Shard1697 the Carver (DrAE)                        Turns: 25170, Time: 00:46:38

Health: -2/114     AC: 17    Str: 10    XL:     13   Next: 55%
Magic:  20/20      EV: 10    Int: 20    God:    Sif Muna [****..]
Gold:   1692       SH: 10    Dex: 13    Spells: 6/21 levels left

rFire   . . .        G - +0 long sword
rCold   + . .        h - +0 kite shield {rN+}
rNeg    + . .        (body armour unavailable)
rPois   .            f - +2 hat
rElec   .            p - +0 cloak
rCorr   .            b - +1 pair of gloves
SInv    .            (no boots)
Will    .....        F - amulet of magic regeneration
Stlth   ++           w - +4 ring of protection
HPRegen 0.39/turn    t - +4 ring of slaying
MPRegen 0.57/turn

%: no passive effects
@: about to teleport, short of breath
A: breathe frost, AC +8, unfitting armour, cold resistance 1, cold-blooded
a: Breathe Frost, Renounce Religion, Channel Magic, Forget Spell, Divine
Exegesis


You were on level 5 of the Lair of Beasts.
You worshipped Sif Muna.
Sif Muna was greatly pleased with you.
You visited 4 branches of the dungeon, and saw 19 of its levels.
You also visited: Ossuary.

You collected 1800 gold pieces.
You spent 108 gold pieces at shops.

Inventory:

Hand Weapons
 j - a +0 falchion of distortion
 G - a +0 long sword (weapon)
Missiles
 k - 2 throwing nets
Armour
 b - a +1 pair of gloves (worn)
 f - a +2 hat (worn)
 h - a +0 kite shield of positive energy (worn)
 p - a +0 cloak (worn)
 z - a scarf of repulsion
 D - a +0 buckler
Jewellery
 m - a +6 ring of dexterity
 t - a +4 ring of slaying (right hand)
 w - a +4 ring of protection (left hand)
 y - a ring of protection from cold
 F - an amulet of magic regeneration (around neck)
 J - a ring of see invisible
Wands
 c - a wand of flame (108)
 s - a wand of paralysis (18)
 B - a wand of mindburst (8)
 E - a wand of polymorph (7)
 K - a wand of iceblast (5)
Scrolls
 g - 2 scrolls of fog
 i - a scroll of brand weapon
 n - 7 scrolls of revelation
 q - 3 scrolls of enchant armour
 r - a scroll of identify
 C - 4 scrolls of amnesia
 L - 2 scrolls of enchant weapon
 M - a scroll of blinking
Potions
 d - 6 potions of brilliance
 e - a potion of curing
 l - 3 potions of might
 o - 4 potions of enlightenment
 x - 3 potions of mutation
 A - a potion of invisibility
 H - 2 potions of attraction
 I - a potion of lignification
Miscellaneous
 a - a condenser vane


   Skills:
 - Level 10.6 Fighting
 - Level 12.7 Long Blades
 - Level 1.7 Dodging
 - Level 1.7 Stealth
 - Level 8.6 Shields
 - Level 4.8 Spellcasting
 + Level 4.6 Conjurations
 - Level 8.0 Summonings
 + Level 4.4 Ice Magic
 + Level 10.3 Air Magic
 - Level 4.7 Invocations


You had 6 spell levels left.
You knew the following spells:

 Your Spells              Type           Power      Damage    Failure   Level
a - Shock                 Conj/Air       100%       1d9       1%          1
b - Static Discharge      Conj/Air       68%        2-5/arc   2%          2
f - Airstrike             Air            23%        2d(4-20)  5%          4
g - Freezing Cloud        Conj/Ice/Air   15%        6-21      58%         5
t - Call Canine Familiar  Summ           36%        N/A       4%          3

Your spell library contained the following spells:

 Spells                   Type           Power      Damage    Failure   Level
 Summon Small Mammal      Summ           100%       N/A       1%          1
 Swiftness                Air            46%        N/A       1%          3
 Kiss of Death            Conj/Necr      56%        2d9       14%         1
 Cigotuvi's Dreadful Rot  Necr/Pois/Air  36%        N/A       14%         2
 Summon Guardian Golem    Hex/Summ       20%        N/A       22%         3
 Dazzling Flash           Conj/Hex       28%        N/A       41%         3
 Lesser Beckoning         Tloc           8%         N/A       50%         2
 Confusing Touch          Hex            4%         N/A       75%         3
 Gell's Gravitas          Tloc           4%         N/A       75%         3
 Ignite Poison            Fire/Tmut/Pois 4%         N/A       75%         3
 Portal Projectile        Hex/Tloc       8%         N/A       75%         3
 Teleport Other           Tloc           4%         N/A       75%         3
 Volatile Blastmotes      Fire/Tloc      8%         2d10      75%         3
 Silence                  Hex/Air        12%        N/A       77%         5
 Fulminant Prism          Conj/Hex       7%         3d7       82%         4
 Iskenderun's Mystic Bla  Conj/Tloc      14%        2d5       82%         4
 Dispel Undead            Necr           4%         3d7       98%         4
 Leda's Liquefaction      Hex/Erth       2%         N/A       98%         4
 Passage of Golubria      Tloc           4%         N/A       98%         4
 Starburst                Conj/Fire      7%         6d4       100%        6
 Lehudib's Crystal Spear  Conj/Erth      7%         10d3      100%        8
 Maxwell's Capacitive Co  Air            23%        ∞         100%        8


Dungeon Overview and Level Annotations

Branches:
Dungeon (12/15)            Temple (1/1) D:7            Lair (5/5) D:10
  Swamp (0/4) Lair:2       Spider (0/4) Lair:2        Slime (0/5) Lair:5
    Orc (1/2) D:11        Ossuary (visited)

Altars:
Ashenzari
Cheibriados
Dithmenos
Elyvilon
Fedhas
Gozag
Hepliaklqana
Kikubaaqudgha
Makhleb
Nemelex Xobeh
Okawaru
Qazlal
Ru
Sif Muna
Trog
Uskayaw
Vehumet
Wu Jian
Xom
Yredelemnul
Zin
The Shining One
Jiyva

Shops:
D:2 [   D:3 ?

Annotations:
D:4 3 runed translucent doors, pigah's ghost, amateur OpSh
D:5 2 runed translucent doors
D:12 3 runed translucent doors, exclusion: 2 ugly things
Lair:3 exclusion: 2 oklob plants


Innate Abilities, Weirdness & Mutations

You can breathe waves of freezing cold which knock back foes.
Your icy white scales are hard. (AC +8)
You cannot fit into any form of body armour.
Your flesh is cold resistant. (rC+)
You are cold-blooded and may be slowed by cold attacks.


Message History

The fire dragon tramples you but does no damage.
A steam dragon comes into view.
Your hound bites the fire dragon but does no damage.
As you read the scroll of teleportation, it crumbles to dust.
You feel strangely unstable.
Your hound splashes around in the water.
The fire dragon breathes flames at you. The blast of flame hits you!!
You hit the fire dragon but do no damage.
You tail-slap the fire dragon.
The fire dragon is lightly wounded.
Your hound splashes around in the water.
The fire dragon bites you! You block the fire dragon's attack.
The fire dragon tramples you but does no damage.
The swamp dragon bites you.
The swamp dragon claws you but does no damage.
You block the swamp dragon's attack.
Your hound bites the fire dragon but does no damage.
You feel much better.
Your hound bites the fire dragon but does no damage.
The fire dragon bites you but does no damage.
The fire dragon closely misses you. The fire dragon tramples you!
You hold your ground!
The swamp dragon bites you! You block the swamp dragon's attack. x2
You slash the fire dragon! You tail-slap the fire dragon.
The fire dragon is moderately wounded.
Your hound splashes around in the water.
The fire dragon bites you!
* * * LOW HITPOINT WARNING * * *
You block the fire dragon's attack. The fire dragon tramples you.
* * * LOW HITPOINT WARNING * * *
You hold your ground!
You block the swamp dragon's attack. The swamp dragon barely misses you.
You block the swamp dragon's attack.
You hit the fire dragon but do no damage.
You tail-slap the fire dragon, but do no damage.
The fire dragon is moderately wounded.
Your hound bites the fire dragon but does no damage.
The fire dragon breathes flames at you. The blast of flame hits you!!
You die...

#........<.......
#................
##P...............
#.................
##................
#................
###########......
♣♣♣♣♣♣♣♣ ###...~
♣♣@.?~~P♣♣ ♣♣♣♣†~~
♣.DD~≈≈~)♣♣♣♣.♣♣~.♣
♣..h≈≈≈~..♣...♣♣~~♣
♣≈.D~P♣♣~~.♣♣..♣♣♣~.
♣.~.~♣.♣♣♣~..♣..♣≈≈.
♣.≈≈~P♣♣)....♣.≈♣~†♣
♣~≈≈≈~.♣♣.≈..♣♣♣≈~..
♣~≈≈≈≈.♣♣♣~≈..♣♣...♣
♣~≈≈~~~. ♣.~≈♣♣..♣.P


You could see a fire dragon (catching breath, ally target), a swamp dragon, a
steam dragon and a friendly hound (summoned).

Vanquished Creatures
  Snorg (Lair:4)
  Erolcha (D:11)
  3 boulder beetles
  2 two-headed ogres
  2 skysharks
  Lodul (D:11)
  Pikel (D:9)
  3 black mambas
  10 cane toads
  A torpor snail (Lair:1)
  2 gargoyles
  Psyche (D:9)
  2 unseen horrors (D:11)
  A rime drake (Lair:5)
  6 komodo dragons
  A troll (D:11)
  2 hornets
  2 polar bears
  7 dream sheep
  4 blink frogs (Lair:5)
  Sigmund (D:4)
  A vampire (D:9)
  A shadow (D:11)
  A wyvern (Lair:2)
  2 wraiths
  36 yaks
  4 basilisks
  5 vampire mosquitoes
  A steam dragon (Lair:5)
  4 wargs (D:11)
  3 acid dragons
  8 water moccasins
  A hornet zombie (Ossuary)
  3 orc warriors
  2 sky beasts (D:8)
  2 swamp drakes (Lair:5)
  An ice beast (D:7)
  6 ogres
  2 wolves (Lair:1)
  2 centaurs
  A lemure (D:9)
  A phantom (D:5)
  A kobold brigand (D:7)
  A gnoll sergeant (D:7)
  A wyvern zombie (Ossuary)
  7 bullfrogs
  3 scorpions
  A water moccasin zombie (Ossuary)
  4 wights (D:10)
  13 killer bees
  A howler monkey (D:9)
  A nameless horror (Lair:1)
  5 bullfrog zombies (Ossuary)
  2 quasits (D:8)
  2 jellies
  2 centaur zombies (Ossuary)
  A hound (D:7)
  3 orc priests
  2 gnoll boudas
  7 iguanas
  8 mummies (Ossuary)
  A sleepcap (D:7)
  Jessica (D:2)
  Ijyb (D:3)
  7 orc wizards
  3 killer bee zombies (Ossuary)
  2 howler monkey zombies (Ossuary)
  Robin (D:3)
  15 gnolls
  7 adders
  5 white imps (D:8)
  2 ufetubi
  2 worms (D:3)
  23 orcs
  3 endoplasms
  2 giant cockroaches
  12 goblins
  6 hobgoblins
  8 jackals
  9 kobolds
  A quokka (D:1)
  3 ball pythons
  4 bats
  5 frilled lizards
  6 rats
  2 rat zombies (D:6)
337 creatures vanquished.

Vanquished Creatures (collateral kills)
  Sonja (Lair:4)
  A bog body (Lair:2)
  A black mamba (Lair:4)
  A cane toad (Lair:4)
  2 rime drakes
  4 komodo dragons
  A troll (D:12)
  A blink frog (Lair:5)
  3 basilisks
  9 yaks
  2 vampire mosquitoes (D:11)
  2 water moccasins
  An acid dragon (D:8)
  An ice beast (D:7)
  An ogre (D:11)
  A wolf (Lair:1)
  A wight (D:10)
  4 killer bees
  2 bullfrog zombies (Ossuary)
  2 centaur zombies (Ossuary)
  An orc priest (D:8)
  An orc wizard (D:10)
  2 mummies (Ossuary)
  An ufetubus (D:8)
  2 orcs (D:10)
48 creatures vanquished.

Grand Total: 385 creatures vanquished

Notes
Turn   | Place    | Note
-------+----------+-------------------------------------------
     0 | D:1      | Shard1697 the Draconian Air Elementalist began the quest
                  | for the Orb.
     0 | D:1      | Reached XP level 1. HP: 14/14 MP: 3/3
   175 | D:1      | Reached XP level 2. HP: 16/20 MP: 5/5
   221 | D:1      | Learned a level 2 spell: Static Discharge
   779 | D:2      | Reached XP level 3. HP: 26/26 MP: 0/6
  1087 | D:2      | Found Tacsyts's Armour Emporium.
  1099 | D:2      | Found a faded altar of an unknown god.
  1691 | D:3      | Reached XP level 4. HP: 33/33 MP: 5/8
  1696 | D:3      | Learned a level 4 spell: Airstrike
  1870 | D:3      | Found a glowing silver altar of Zin.
  1873 | D:3      | Noticed Jessica
  1902 | D:2      | Killed Jessica
  2023 | D:3      | Reached skill level 5 in Air Magic
  2023 | D:3      | Reached XP level 5. HP: 29/38 MP: 5/9
  2198 | D:3      | Noticed Ijyb
  2200 | D:3      | Paralysed by Ijyb for 5 turns
  2214 | D:3      | Paralysed by Ijyb for 4 turns
  2221 | D:3      | Killed Ijyb
  2350 | D:3      | Noticed Robin
  2363 | D:3      | Killed Robin
  2480 | D:3      | Found Veroanuu's Magic Scroll Boutique.
  2490 | D:3      | Bought a scroll of identify for 24 gold pieces
  2493 | D:3      | Bought a scroll of fog for 48 gold pieces
  2493 | D:3      | Bought a scroll of teleportation for 36 gold pieces
  2865 | D:4      | Noticed an ogre
  2867 | D:4      | Found a runed translucent gate.
  2867 | D:4      | Found a runed translucent gate.
  2867 | D:4      | Found a runed translucent gate.
  2867 | D:4      | Noticed pigah's ghost (amateur OpSh)
  2884 | D:4      | Noticed Sigmund
  2898 | D:4      | Killed Sigmund
  2899 | D:4      | Reached XP level 6. HP: 19/45 MP: 0/12
  3627 | D:5      | Entered Level 5 of the Dungeon
  3717 | D:5      | Your scales start taking on an icy white colour.
  3717 | D:5      | Reached XP level 7. HP: 46/50 MP: 8/13
  3717 | D:5      | Gained mutation: Your flesh is cold resistant. (rC+) [White
                  | Draconian growth]
  4103 | D:5      | Found a runed translucent door.
  4107 | D:5      | Noticed a vampire mosquito
  4108 | D:5      | Noticed a vampire mosquito
  4133 | D:5      | Found a runed translucent door.
  4401 | D:5      | Learned a level 3 spell: Call Canine Familiar
  4485 | D:5      | Reached skill level 1 in Summonings
  4604 | D:6      | Found a sand-covered staircase.
  4631 | Ossuary  | Entered an ossuary
  4643 | Ossuary  | Reached XP level 8. HP: 57/57 MP: 15/15
  4725 | Ossuary  | Reached skill level 1 in Fighting
  4966 | Ossuary  | Reached skill level 5 in Fighting
  5766 | D:6      | Reached XP level 9. HP: 44/78 MP: 12/16
  6274 | D:7      | Found a staircase to the Ecumenical Temple.
  6412 | Temple   | Entered the Ecumenical Temple
  6484 | Temple   | Became a worshipper of Sif Muna the Loreminder
  6689 | D:7      | Paralysed by a hornet for 2 turns
  7067 | D:7      | Reached skill level 10 in Fighting
  7156 | D:7      | Reached * piety under Sif Muna
  7909 | D:7      | Reached skill level 1 in Long Blades
  8438 | D:8      | Reached skill level 2 in Long Blades
  8531 | D:8      | Noticed a troll
  8590 | D:8      | Reached XP level 10. HP: 92/94 MP: 17/17
  8937 | D:8      | Reached ** piety under Sif Muna
  8951 | D:8      | Noticed a tengu warrior
  9003 | D:9      | Noticed a gargoyle
  9015 | D:9      | Killed a gargoyle
  9016 | D:9      | Reached skill level 3 in Long Blades
  9016 | D:9      | Reached skill level 5 in Summonings
  9297 | D:9      | Paralysed by a hornet for 3 turns
  9306 | D:9      | Reached skill level 4 in Long Blades
  9550 | D:9      | Noticed Psyche
  9608 | D:9      | Killed Psyche
  9721 | D:9      | Found an ancient bone altar of Kikubaaqudgha.
 10028 | D:9      | Noticed a two-headed ogre
 10085 | D:9      | Killed a two-headed ogre
 10086 | D:9      | Reached skill level 5 in Long Blades
 10086 | D:9      | Reached skill level 1 in Shields
 10256 | D:9      | Noticed Pikel
 10271 | D:9      | Killed Pikel
 10272 | D:9      | Reached skill level 6 in Long Blades
 10648 | D:10     | Entered Level 10 of the Dungeon
 11112 | D:10     | Reached skill level 7 in Long Blades
 11319 | D:10     | Paralysed by a wight for 2 turns
 11325 | D:10     | Paralysed by a wight for 4 turns
 11330 | D:10     | Reached XP level 11. HP: 76/98 MP: 12/18
 11815 | D:10     | Found a staircase to the Lair.
 11952 | D:10     | Found a burning altar of Makhleb.
 11954 | D:10     | Found a glowing golden altar of the Shining One.
 11956 | D:10     | Found an ornate altar of the Wu Jian Council.
 11957 | D:10     | Found a snail-covered altar of Cheibriados.
 12317 | D:11     | Reached skill level 8 in Long Blades
 12331 | D:11     | Reached *** piety under Sif Muna
 13236 | D:11     | Noticed Erolcha
 13348 | D:12     | Reached skill level 5 in Shields
 13610 | D:12     | Noticed a red ugly thing
 13664 | D:12     | Noticed a boulder beetle
 13674 | D:12     | Reached skill level 1 in Invocations
 13745 | D:12     | Killed a boulder beetle
 13746 | D:12     | Reached skill level 9 in Long Blades
 13933 | D:12     | Noticed a two-headed ogre
 13944 | D:12     | Killed a two-headed ogre
 14167 | D:12     | Found a runed translucent gate.
 14167 | D:12     | Found a runed translucent gate.
 14167 | D:12     | Found a runed translucent gate.
 14182 | D:12     | Noticed a cyan ugly thing
 14305 | D:11     | Found a staircase to the Orcish Mines.
 14758 | D:11     | Noticed Lodul
 15005 | D:11     | Killed Erolcha
 15006 | D:11     | Reached skill level 10 in Long Blades
 15072 | D:11     | Killed Lodul
 15109 | Orc:1    | Entered Level 1 of the Orcish Mines
 15110 | Orc:1    | Noticed an orc knight
 15163 | Lair:1   | Entered Level 1 of the Lair of Beasts
 15397 | Lair:1   | Identified a scroll of acquirement
 15397 | Lair:1   | Acquired 780 gold pieces
 15502 | Lair:1   | Reached XP level 12. HP: 89/108 MP: 16/19
 15715 | D:10     | Reached skill level 11 in Long Blades
 16483 | Lair:1   | You fall into a shaft and drop 1 floor!
 16804 | Lair:1   | Reached **** piety under Sif Muna
 18155 | Lair:2   | Found a staircase to the Swamp.
 18210 | Lair:2   | Found a hole to the Spider Nest.
 18401 | Lair:2   | Reached skill level 12 in Long Blades
 18622 | Lair:2   | Noticed a boulder beetle
 18718 | Lair:2   | Killed a boulder beetle
 19086 | Lair:2   | Noticed a death yak
 19094 | Lair:2   | Noticed a death yak
 19096 | Lair:2   | Noticed a death yak
 19097 | Lair:2   | Noticed a death yak
 19098 | Lair:2   | Noticed a death yak
 19098 | Lair:2   | Noticed a death yak
 19100 | Lair:2   | Noticed a death yak
 20360 | Lair:3   | Reached XP level 13. HP: 93/114 MP: 18/20
 21629 | Lair:4   | Noticed Snorg
 21646 | Lair:4   | Killed Snorg
 21893 | Lair:4   | Learned a level 5 spell: Freezing Cloud
 22145 | Lair:4   | Reached skill level 1 in Ice Magic
 22517 | Lair:4   | Noticed Sonja
 22518 | Lair:4   | Paralysed by Sonja for 4 turns
 22529 | Lair:4   | Killed Sonja
 23185 | Lair:5   | Entered Level 5 of the Lair of Beasts
 23980 | Lair:5   | Reached skill level 10 in Air Magic
 24257 | Lair:5   | Found a staircase to the Slime Pits.
 24257 | Lair:5   | Found a viscous altar of Jiyva.
 25117 | Lair:5   | Identified the +2 sling "Gehag" {drain, *Corrode rC+ Dex+4}
 25153 | Lair:5   | Noticed a fire dragon
 25170 | Lair:5   | Killed from afar by a fire dragon

Illustrated notes

Levels and vault maps discovered:
D:1:      saegor_arrival_under_anarchy, layout_loops_ring
D:2:      layout_loops_ring, serial_shops, shop, basic_ecumenical_altar,
          grunt_ministairs_6, nicolae_kite_square_tiling_tiny
D:3:      layout_rooms, mainiacjoe_overflow_concentric_impassable, serial_shops,
          shop, uniq_jessica, uniq_robin, uniq_ijyb
D:4:      layout_loops_cross, gammafunk_ghost_split, uniq_sigmund
D:5:      lemuel_insect_pit, layout_rooms
D:6:      layout_basic, serial_curves, eino_curves_04, eino_curves_04,
          eino_curves_02, enter_ossuary_4, grunt_decor_one_mirror
D:7:      layout_basic, minmay_temple_entry_stoned_glass, reono_crystal_passage
D:8:      minmay_bloctagon, layout_basic, serial_demonic, serial_demonic_c,
          serial_demonic_f, serial_demonic_c, serial_demonic_b,
          serial_demonic_c, serial_demonic_a, serial_demonic_f,
          serial_demonic_a, chequers_serial_rivers_micro_c,
          chequers_serial_rivers_small_b
D:9:      layout_basic, kennysheep_mini, uniq_pikel, uniq_psyche
D:10:     layout_rooms, chequers_temple_overflow_statue_of_worship,
          lair_entry_dummy
D:11:     layout_loops_cross, minmay_orc_entry_guard_dogs, uniq_erolcha,
          uniq_lodul
D:12:     layout_loops_ring, gammafunk_ghost_icy
Temple:   minmay_temple_bridge_d
Lair:1:   layout_small_grid, hangedman_lair_unloving_vines,
          serial_bayou_shore_b, serial_bayou_shore_a
Lair:2:   layout_small_grid, skrybe_swamp_entry_bodies,
          spider_nest_entry_web_field, grunt_megastairs_4
Lair:3:   layout_regular_city
Lair:4:   layout_regular_city, minivault_27, serial_bayou_shore_b,
          lemuel_fruit_tree, uniq_sonja, uniq_snorg
Lair:5:   guppyfry_lair_end_dragon, layout_regular_city, slime_entry_1
Orc:1:    layout_caves, serial_shops, nicolae_diamond_shop, nicolae_orc_rockfall

Skill      XL: |  1  2  3  4  5  6  7  8  9 10 11 12 13 |
---------------+----------------------------------------+-----
Air Magic      | 4 5 6 7 8 9 10 | 10.3
Spellcasting   | 3 4 |  4.8
Conjurations   | 2 4 |  4.6
Summonings     | 2 4 5 8 |  8.0
Fighting       | 6 10 | 10.6
Long Blades    | 2 7 10 12 | 12.7
Shields        | 3 5 8 |  8.6
Invocations    | 4 |  4.7
Ice Magic      | 4 |  4.4
Dodging        | |  1.7
Stealth        | |  1.7

Action                     |  1- 3 |  4- 6 |  7- 9 | 10-12 | 13-15 || total
---------------------------+-------+-------+-------+-------+-------++-------
  Melee: Unarmed           |     7 |       |       |       |       ||     7
         Tailslap          |    15 |     2 |    50 |   166 |    71 ||   304
         Whip              |    59 |       |       |       |       ||    59
         Dagger            |     3 |       |       |       |       ||     3
         Mace              |    19 |    26 |       |       |       ||    45
         War axe           |       |     2 |       |       |       ||     2
         Halberd           |       |     1 |   271 |       |       ||   272
         Long sword        |       |       |    63 |   734 |   274 ||  1071
   Cast: Shock             |    28 |    64 |    62 |    62 |       ||   216
         Static Discharge  |     1 |    24 |    25 |    26 |       ||    76
         Call Canine Famil |       |       |    25 |    86 |    38 ||   149
         Airstrike         |       |       |     7 |    41 |    10 ||    58
Ability: Breathe Frost     |       |       |     1 |     5 |     4 ||    10
  Evoke: Wand              |       |       |       |     2 |     6 ||     8
    Use: Potion            |       |     1 |     9 |    10 |     4 ||    24
         Scroll            |       |     3 |    10 |     9 |     1 ||    23
   Stab: Sleeping          |     6 |       |     6 |     1 |     1 ||    14
         Distracted        |       |       |     4 |     9 |     3 ||    16
         Invisible         |       |       |     4 |     2 |     4 ||    10
         Paralysed         |       |       |       |     5 |       ||     5
 Armour: Skin              |    46 |    30 |   273 |   439 |    81 ||   869
  Dodge: Dodged            |    66 |    47 |   352 |   421 |   103 ||   989
         Repelled          |       |       |       |     4 |       ||     4
  Block: Buckler           |       |       |    24 |    87 |       ||   111
         Kite shield       |       |       |       |   263 |   132 ||   395

Table legend: (Time is in decaauts)
 A = Elapsed time spent in this place.
 B = Non-inter-level travel time spent in this place.
 C = Inter-level travel time spent in this place.
 D = Time resting spent in this place.
 E = Time spent auto-exploring this place.
 F = Levels seen in this place.
 G = Mean time per level.
                   A        B        C        D        E       F      G
               +--------+--------+--------+--------+--------+-----+--------+
         Total |  25556 |  24759 |    797 |   6447 |  13160 |  20 | 1277.8 |
       Dungeon |  14890 |  14331 |    559 |   3051 |   8190 |  12 | 1240.8 |
        Temple |    144 |      3 |    141 |      0 |      0 |   1 |  144.0 |
          Lair |   9767 |   9670 |     97 |   3097 |   4839 |   5 | 1953.4 |
  Orcish Mines |      6 |      6 |      0 |      0 |      0 |   1 |    6.0 |
       Ossuary |    747 |    747 |      0 |    298 |    131 |   1 |  747.0 |
               +--------+--------+--------+--------+--------+-----+--------+

Top non-repeatable levels by time:
  Lair:1: 2621 daAuts
  Lair:2: 2086 daAuts
     D:9: 2079 daAuts
  Lair:4: 1890 daAuts
     D:7: 1814 daAuts
  Lair:5: 1669 daAuts
    D:11: 1649 daAuts
    D:10: 1627 daAuts
  Lair:3: 1498 daAuts
    D:12: 1230 daAuts
     D:6: 1117 daAuts
     D:2: 1007 daAuts
     D:3: 973 daAuts
     D:5: 922 daAuts
     D:4: 904 daAuts
